 Dungeon Crawl Stone Soup version 0.29-a0-333-gb4c28e87c6 (webtiles) character file.

Game seed: 3202293647514787069

464 Jortsu the Chopper (level 6, 0/49 HPs)
             Began as a Demonspawn Fighter on Apr 13, 2022.
             Was an Initiate of Ashenzari.
             Slain by a lemure (7 damage)
             ... led by Pikel
             ... on level 4 of the Dungeon.
             The game lasted 00:06:00 (3651 turns).

Jortsu the Chopper (Demonspawn Fighter)             Turns: 3651, Time: 00:06:00

Health: 0/49       AC: 10    Str: 18    XL:     6   Next: 80%
Magic:  6/6        EV:  9    Int: 10    God:    Ashenzari [......]
Gold:   1258       SH:  5    Dex: 12    Spells: 5/5 levels left

rFire   . . .      SeeInvis .   e - +2 hand axe (flame)
rCold   . . .      Faith    .   c - +0 buckler
rNeg    . . .      Spirit   .   b - +0 scale mail
rPois   .          Reflect  .   g - +1 helmet "Pangnostic Boredom" {Self, Bglg} (curse)
rElec   .          Harm     .   (no cloak)
rCorr   +          Rampage  .   t - +0 pair of gloves
Will    .....                   (no boots)
Stlth   ..........              (no amulet)
HPRegen 0.16/turn               q - ring of resist corrosion
MPRegen 0.10/turn               (no ring)

@: mighty
A: condensation shield
a: Renounce Religion, Curse Item, Shatter the Chains


You were on level 4 of the Dungeon.
You worshipped Ashenzari.
Ashenzari was noncommittal.
You visited 1 branch of the dungeon, and saw 4 of its levels.

You collected 1258 gold pieces.

Inventory:

Hand Weapons
 a - a +0 war axe
 e - a +2 hand axe of flaming (weapon)
Armour
 b - a +0 scale mail (worn)
 c - a +0 buckler (worn)
 g - the cursed +1 helmet "Pangnostic Boredom" (worn) {Self, Bglg}
   (You found it on level 2 of the Dungeon)

   It has a curse which improves the following skills: Introspection: Fighting
   and Spellcasting.
   Beguiling: Conjurations, Hexes and Translocations.
 t - a +0 pair of gloves (worn)
Jewellery
 q - a ring of resist corrosion (left hand)
Wands
 v - a wand of charming (12)
Scrolls
 l - a scroll of fog
 p - 2 scrolls of teleportation
Potions
 d - a potion of might
 f - a potion of berserk rage
 h - a potion of attraction {unknown}
 i - 2 potions of cancellation
 j - 2 potions of flight
 k - 2 potions of brilliance
 m - 5 potions of heal wounds
 n - a potion of haste
 o - a potion of resistance
 r - a potion of invisibility {unknown}
 s - a potion of lignification {unknown}
 u - 2 potions of curing {unknown}


   Skills:
 + Level 4.1(4.5) Fighting
 + Level 4.1 Axes
 + Level 3.7 Armour
 + Level 1.7 Dodging
 + Level 0.3 Stealth
 + Level 4.0 Shields


You had 5 spell levels left.
You didn't know any spells.
Your spell library contained the following spells:

 Spells                   Type           Power      Damage    Failure   Level
 Animate Skeleton         Necr           0%         N/A       83%         1
 Apportation              Tloc           0%         N/A       83%         1
 Magic Dart               Conj           0%         1d3       83%         1
 Summon Small Mammal      Summ           0%         N/A       83%         1
 Searing Ray              Conj           0%         2d4       93%         2
 Animate Dead             Necr           0%         N/A       100%        4
 Fulminant Prism          Conj/Hex       0%         3d6       100%        4
 Haunt                    Necr/Summ      0%         N/A       100%        7
 Infestation              Necr           0%         N/A       100%        8


Dungeon Overview and Level Annotations

Branches:
Dungeon (4/15)
 Temple: D:4-7

Altars:
Ashenzari
Nemelex Xobeh
Ru

Annotations:
D:4 Pikel


Innate Abilities, Weirdness & Mutations

A meltable shield of frost defends you. (SH +0)


Message History

You block the lemure's attack.
You closely miss Pikel.
Pikel is moderately wounded.
You slash the lemure! You burn the lemure. You closely miss the lemure.
Pikel barely misses you. The lemure hits you but does no damage.
You completely miss Pikel.
Pikel is moderately wounded.
You closely miss the lemure. You hit the lemure but do no damage.
You hit the lemure. You burn the lemure.
You kill the lemure!
That felt strangely unrewarding.
Pikel closely misses you. The lemure barely misses you.
You barely miss Pikel.
Pikel is moderately wounded.
You barely miss the lemure. x2; You block Pikel's attack.
The lemure hits you but does no damage. The lemure hits you!
* * * LOW HITPOINT WARNING * * *
You barely miss Pikel.
Pikel is moderately wounded.
You closely miss the lemure. You hit the lemure but do no damage.
You slash the lemure! You burn the lemure. You block Pikel's attack.
The lemure barely misses you. You block the lemure's attack.
The lemure hits you.
* * * LOW HITPOINT WARNING * * *
You barely miss Pikel.
Pikel is moderately wounded.
You barely miss the lemure. You hit the lemure. You burn the lemure.
You hit the lemure. You burn the lemure. Pikel hits you but does no damage.
The lemure barely misses you. The lemure hits you but does no damage.
You block the lemure's attack.
You slash Pikel! You burn Pikel.
Pikel is severely wounded.
You slash the lemure! You burn the lemure. You barely miss the lemure.
You slash the lemure! You burn the lemure.
You kill the lemure!
That felt strangely unrewarding.
Pikel hits you but does no damage. The lemure hits you.
* * * LOW HITPOINT WARNING * * *
The lemure hits you!
You die...

. ..# ...## ....#.
..............### #5
...............>## #########5..
................@#####...##.5K.!.
...............55K.##...5........
....................#....####...#
.....................#..## ####
........................#
.......................## ##
)####...................## #.. .#
##...................# ##... .#
##..................####†.#


You could see Pikel and 2 lemures.

Vanquished Creatures
  2 lemures (D:4)
  2 necrophages
  A bullfrog (D:4)
  A scorpion (D:4)
  A jelly (D:4)
  An iguana (D:4)
  An orc wizard (D:4)
  5 adders
  A shadow imp (D:3)
  2 worms
  3 dart slugs
  5 orcs
  2 bats
  9 endoplasms
  3 giant cockroaches
  8 goblins
  5 hobgoblins
  7 kobolds
  5 quokkas
  3 ball pythons
  4 frilled lizards
  8 rats
79 creatures vanquished.

Notes
Turn   | Place    | Note
-------+----------+-------------------------------------------
     0 | D:1      | Jortsu the Demonspawn Fighter began the quest for the Orb.
     0 | D:1      | Reached XP level 1. HP: 18/18 MP: 1/1
   175 | D:1      | Gained mutation: A meltable shield of frost defends you.
                  | (SH +0) [demonic ancestry]
   175 | D:1      | Reached XP level 2. HP: 23/24 MP: 2/2
   823 | D:1      | Reached XP level 3. HP: 29/29 MP: 3/3
   838 | D:1      | Identified a scroll of acquirement
   838 | D:1      | Acquired 1083 gold pieces
  1434 | D:2      | Reached XP level 4. HP: 30/35 MP: 4/4
  2185 | D:3      | Found a faded altar of an unknown god.
  2212 | D:3      | Noticed a necrophage
  2226 | D:3      | Killed a necrophage
  2227 | D:3      | Reached XP level 5. HP: 40/41 MP: 5/5
  2323 | D:3      | Prayed at the altar of an unknown god.
  2323 | D:3      | Became a worshipper of Ashenzari the Shackled
  2330 | D:3      | Found a sparkling altar of Nemelex Xobeh.
  2366 | D:3      | Reached skill level 1 in Dodging
  2568 | D:3      | Found a sacrificial altar of Ru.
  3103 | D:4      | Reached XP level 6. HP: 48/48 MP: 6/6
  3552 | D:4      | Identified the +6 mace of Duhi {vorpal, rElec rPois rF-
                  | MP+9}
  3624 | D:4      | Noticed Pikel
  3651 | D:4      | Slain by a lemure

Illustrated notes

Levels and vault maps discovered:
D:1:      dpeg_arrival_tiny_h, layout_rooms, minmay_tetromino_t2
D:2:      layout_basic
D:3:      layout_basic, mainiacjoe_overflow_cross_hatched, old_standard_altar,
          shapermc_ecumenical_altar_gd
D:4:      layout_layer_cave, minmay_door_square, minmay_small_thing, uniq_pikel

Skill      XL: |  1  2  3  4  5  6 |
---------------+-------------------+-----
Shields        | 3 4 |  4.0
Axes           | 2 3 4 |  4.1
Armour         | 3 |  3.7
Dodging        | 1 |  1.7
Fighting       | 4 |  4.1
Stealth        | |  0.3

Action                   |  1- 3 |  4- 6 || total
-------------------------+-------+-------++-------
Melee: War axe           |   100 |    23 ||   123
       Hand axe          |       |   113 ||   113
Invok: Curse Item        |       |     1 ||     1
  Use: Scroll            |     7 |     6 ||    13
       Potion            |       |     1 ||     1
Armor: Scale mail        |    50 |    55 ||   105
Dodge: Dodged            |    40 |    47 ||    87
Block: Buckler           |    44 |    65 ||   109

Table legend: (Time is in decaauts)
 A = Elapsed time spent in this place.
 B = Non-inter-level travel time spent in this place.
 C = Inter-level travel time spent in this place.
 D = Time resting spent in this place.
 E = Time spent auto-exploring this place.
 F = Levels seen in this place.
 G = Mean time per level.
                   A        B        C        D        E       F      G
               +--------+--------+--------+--------+--------+-----+--------+
         Total |   3723 |   3673 |     50 |    295 |   2651 |   4 |  930.8 |
       Dungeon |   3723 |   3673 |     50 |    295 |   2651 |   4 |  930.8 |
               +--------+--------+--------+--------+--------+-----+--------+

Top non-repeatable levels by time:
     D:2: 1275 daAuts
     D:1: 868 daAuts
     D:3: 814 daAuts
     D:4: 764 daAuts
